 Dungeon Crawl Stone Soup version 0.28-b1-25-g9875b3fc8c (webtiles) character file.

Game seed: 15293674659938625040

6 lordive the Conjurer (level 1, 0/10 HPs)
             Began as a Tengu Conjurer on Feb 1, 2022.
             Slain by a hobgoblin (3 damage)
             ... on level 1 of the Dungeon.
             The game lasted 00:00:20 (227 turns).

lordive the Conjurer (Tengu Conjurer)                Turns: 227, Time: 00:00:21

Health: 0/10       AC:  2    Str:  7    XL:     1   Next: 90%
Magic:  1/4        EV: 12    Int: 18    God:
Gold:   32         SH:  0    Dex: 12    Spells: 3/4 levels left

rFire   . . .      SeeInvis .   (no weapon)
rCold   . . .      Faith    .   (no shield)
rNeg    . . .      Spirit   .   a - +0 robe
rPois   .          Reflect  .   (helmet restricted)
rElec   .          Harm     .   (no cloak)
rCorr   .          Rampage  .   (no gloves)
Will    .....                   (boots unavailable)
Stlth   ++........              (no amulet)
HPRegen 0.03/turn               (no ring)
MPRegen 0.09/turn               (no ring)

@: no status effects
A: beak, talons 3
a: no special abilities


You were on level 1 of the Dungeon.
You visited 1 branch of the dungeon, and saw 1 of its levels.

You collected 32 gold pieces.

Inventory:

Armour
 a - a +0 robe (worn)


   Skills:
 + Level 2.2 Dodging
 - Level 2.0 Stealth
 + Level 2.0 Spellcasting
 + Level 5.7 Conjurations


You had 3 spell levels left.
You knew the following spells:

 Your Spells              Type           Power      Damage    Failure   Level
a - Magic Dart            Conj           88%        1d7       1%          1

Your spell library contained the following spells:

 Spells                   Type           Power      Damage    Failure   Level
 Searing Ray              Conj           44%        2d6       2%          2
 Dazzling Flash           Conj/Hex       24%        N/A       17%         3
 Fulminant Prism          Conj/Hex       6%         3d7       50%         4
 Iskenderun's Mystic Bla  Conj/Tloc      12%        2d5       50%         4


Dungeon Overview and Level Annotations

Branches:
Dungeon (1/15)

Altars:


Innate Abilities, Weirdness & Mutations

You have a beak for a mouth.
You have claws for feet.


Message History

You kill the endoplasm!
A goblin comes into view. It is wielding a +0 dagger.
A hobgoblin comes into view.
The magic dart hits the hobgoblin but does no damage.
The magic dart hits the quokka.
You kill the quokka!
A rat comes into view.
The magic dart hits the hobgoblin.
The hobgoblin is lightly wounded.
The hobgoblin barely misses you.
You are too depleted to draw on your mana recklessly!
You are too depleted to draw on your mana recklessly!
The hobgoblin hits you.
Casting: Magic Dart (safe; 1% risk of failure)
Confirm with . or Enter, or press ? or * to list all spells.
Aiming: Magic Dart (safe; 1% risk of failure)
Press: ? - help, Shift-Dir - straight line, f/p - hobgoblin
Aim: a hobgoblin (100% to hit)
The magic dart hits the hobgoblin.
The hobgoblin is heavily wounded.
The hobgoblin barely misses you.
Unknown command.
A kobold comes into view. It is wielding a +0 short sword.
The kobold shouts!
The hobgoblin hits you but does no damage.
The goblin closely misses you. The goblin hits you with a +0 dagger.
Casting: Magic Dart (safe; 1% risk of failure)
Confirm with . or Enter, or press ? or * to list all spells.
Aiming: Magic Dart (safe; 1% risk of failure)
Press: ? - help, Shift-Dir - straight line, f/p - hobgoblin
Aim: a hobgoblin (heavily wounded, 100% to hit)
The magic dart hits the goblin.
You kill the goblin!
The rat barely misses you.
Unknown command.
The rat bites you.
* * * LOW HITPOINT WARNING * * *
The hobgoblin hits you.
You die...

####### ... #.....# ...
#.....# ###...#
#####.....## #.#.#.
............ ... .
#.........# #.#.# #
#......#########.#.#.###
.............g.r........
...........K...g@..#....
.......#########.....# #
....(..# #..##.#
......... #..# #
.###.#.### #..#
......... .. ...#
.###.#.##.. # #.##
.###.#.##. .# ##.#
.........##.#.#


You could see a hobgoblin, a goblin, a kobold and a rat.

Vanquished Creatures
  An endoplasm (D:1)
  2 goblins (D:1)
  A quokka (D:1)
  A frilled lizard (D:1)
5 creatures vanquished.

Notes
Turn   | Place    | Note
-------+----------+-------------------------------------------
     0 | D:1      | lordive the Tengu Conjurer began the quest for the Orb.
     0 | D:1      | Reached XP level 1. HP: 10/10 MP: 4/4
   227 | D:1      | Slain by a hobgoblin

Illustrated notes

Levels and vault maps discovered:
D:1:      wheals_arrival_linesprint, layout_basic, minmay_quantized

Action                   || total
-------------------------++-------
 Cast: Magic Dart        ||    10
Armor: Robe              ||     1
Dodge: Dodged            ||     4
